 Dungeon Crawl Stone Soup version 0.29-a0-322-g68df515428 (webtiles) character file.

Game seed: 11039209730864517368

2629 kae the Firebug (level 9, -8/51 (52) HPs)
             Began as a Tengu Fire Elementalist on Apr 5, 2022.
             Was a Follower of Vehumet.
             Mangled by a wight
             ... wielding a +2 great sword
              (13 damage)
             ... on level 8 of the Dungeon.
             The game lasted 00:06:44 (9784 turns).

kae the Firebug (Tengu Fire Elementalist)           Turns: 9784, Time: 00:06:44

HP:   -8/51 (52)    AC:  4    Str:  8    XL:     9   Next: 61%
MP:   3/16          EV: 16    Int: 21    God:    Vehumet [*.....]
Gold: 398           SH:  0    Dex: 14    Spells: 10/16 levels left

rFire   + + .      SeeInvis +   p - staff of fire
rCold   . . .      Faith    .   (no shield)
rNeg    . . .      Spirit   .   v - +0 leather armour of Evolution {+Blink rElec rC+ SInv}
rPois   .          Reflect  .   (helmet restricted)
rElec   +          Harm     .   o - +0 cloak
rCorr   .          Rampage  .   (no gloves)
Will    .....                   (boots unavailable)
Stlth   ++........              (no amulet)
HPRegen 0.17/turn               u - ring of fire
MPRegen 0.15/turn               (no ring)

@: flying quickly and evasively, lightly drained, quick
A: beak, talons 3, nimble flight
a: Renounce Religion, Evoke Blink


You were on level 8 of the Dungeon.
You worshipped Vehumet.
Vehumet was aware of your devotion.
You visited 2 branches of the dungeon, and saw 9 of its levels.
You also visited: Sewer.

You collected 398 gold pieces.

Inventory:

Armour
 o - a +0 cloak (worn)
 v - the +0 leather armour of Evolution (worn) {+Blink rElec rC+ SInv}
   (You found it on level 2 of the Dungeon)

   rC:        It protects you from cold.
   rElec:     It insulates you from electricity.
   SInv:      It lets you see invisible.
   +Blink:    It lets you blink.
Magical Staves
 p - a staff of fire (weapon)
Jewellery
 u - a ring of fire (left hand)
Wands
 q - a wand of iceblast (10)
 A - a wand of paralysis (10)
Scrolls
 c - 2 scrolls of enchant armour
 d - a scroll of blinking
 e - 5 scrolls of teleportation
 i - a scroll of immolation
 j - a scroll of fog
 r - 3 scrolls of magic mapping
 t - a scroll of enchant weapon
 w - 3 scrolls of amnesia
 y - a scroll of holy word {unknown}
 z - a scroll of identify
 B - a scroll of acquirement {unknown}
Potions
 a - 2 potions of lignification
 b - a potion of magic
 f - 2 potions of mutation
 g - 2 potions of berserk rage
 h - 3 potions of haste
 k - 4 potions of might
 l - 2 potions of attraction
 m - a potion of degeneration {unknown}
 n - 5 potions of brilliance {unknown}
 s - 2 potions of heal wounds {unknown}
 x - 2 potions of curing
 C - a potion of resistance {unknown}


   Skills:
 + Level 4.1 Fighting
 + Level 4.0 Staves
 + Level 4.4 Armour
 + Level 5.1 Dodging
 - Level 2.0 Stealth
 + Level 4.3 Spellcasting
 + Level 5.5 Conjurations
 * Level 7.5 Fire Magic
 + Level 4.0 Evocations


You had 10 spell levels left.
You knew the following spells:

 Your Spells              Type           Power      Damage    Failure   Level
a - Foxfire               Conj/Fire      100%       2x1d9     1%          1
b - Scorch                Fire           100%       2d10      1%          2
c - Conjure Flame         Conj/Fire      64%        6-21      3%          3

Your spell library contained the following spells:

 Spells                   Type           Power      Damage    Failure   Level
 Magic Dart               Conj           100%       1d8       1%          1
 Inner Flame              Hex/Fire       45%        N/A       10%         3
 Flame Wave               Conj/Fire      64%        2d12      11%         4
 Sticky Flame             Conj/Fire      64%        2d8       11%         4
 Ignite Poison            Fire/Tmut/Pois 33%        N/A       17%         3


Dungeon Overview and Level Annotations

Branches:
Dungeon (8/15)             Temple (1/1) D:5           Sewer (visited)
   Lair: D:8-11

Altars:
Ashenzari
Cheibriados
Dithmenos
Elyvilon
Fedhas
Hepliaklqana
Kikubaaqudgha
Makhleb
Okawaru
Qazlal
Ru
Trog
Uskayaw
Vehumet
Wu Jian
Xom
Yredelemnul
Zin
The Shining One

Shops:
D:3 (   D:4 (

Annotations:
D:7 Maggie


Innate Abilities, Weirdness & Mutations

You have a beak for a mouth.
You have claws for feet.
Your magical nature lets you fly swiftly and evasively.


Message History

Confirm with . or Enter, or press ? or * to list all spells.
You feel a strong surge of power!
Flames lash the wight.
The wight is heavily damaged.
The wight's fire resistance burns away.
The wight hits you with a +2 great sword!
A wight comes into view. It is wielding a +0 hand axe.
Casting: Scorch (safe; 1% risk of failure)
Confirm with . or Enter, or press ? or * to list all spells.
You feel a strong surge of power!
Flames lash the wight.
The wight is moderately damaged.
The wight's fire resistance burns away.
The wight completely misses you.
The wight is no longer more vulnerable to fire.
The wight closely misses you.
Casting: Scorch (safe; 1% risk of failure)
Confirm with . or Enter, or press ? or * to list all spells.
You feel a strong surge of power!
Flames lash the wight.
The wight is severely damaged.
The wight's fire resistance burns away.
The wight hits you with a +2 great sword!!
You feel drained.
The wight hits you with a +2 great sword.
You feel drained.
Casting: Scorch (safe; 1% risk of failure)
Confirm with . or Enter, or press ? or * to list all spells.
You feel a strong surge of power!
Flames lash the wight.
The wight is burned terribly!
You destroy the wight!
Vehumet accepts your kill. The wight barely misses you.
Your Evocations skill increases to level 4!
The wight is no longer more vulnerable to fire.
The wight hits you with a +2 great sword!
* * * LOW HITPOINT WARNING * * *
Casting: Scorch (safe; 1% risk of failure)
Confirm with . or Enter, or press ? or * to list all spells.
You feel a strong surge of power!
Flames lash the wight.
The wight is severely damaged.
The wight's fire resistance burns away.
The wight hits you with a +2 great sword!
You die...

#.# #.# ..# #.# .#
#.# ##.# #z#
.#.### #z# .#...
#@# .#..# #.#
.#..# #.# .#..#
#.#
....############.#
.................#
....######.......#
.#.........#######
....########


You could see 2 wights.

Vanquished Creatures
  A hornet (D:7)
  A wraith (D:7)
  A steam dragon (D:6)
  A water moccasin (D:7)
  An ice beast (D:7)
  2 sky beasts
  A black bear (D:6)
  2 ogres
  A centaur (D:5)
  4 kobold brigands
  A bullfrog (D:6)
  3 necrophages (D:5)
  A scorpion (D:4)
  5 wights (D:8)
  3 howler monkeys
  3 jellies
  2 orc priests
  Crazy Yiuf (D:7)
  2 iguanas
  3 orc wizards
  2 adders (D:4)
  A river rat (D:4)
  A shadow imp (D:6)
  A white imp (D:6)
  2 ufetubi
  2 worms (D:4)
  A dart slug (D:5)
  23 orcs
  13 ball pythons
  7 bats
  4 endoplasms
  4 giant cockroaches
  4 goblins
  7 hobgoblins
  A quokka (D:2)
  A frilled lizard (D:1)
  25 kobolds
  5 rats
143 creatures vanquished.

Vanquished Creatures (collateral kills)
  2 foxfires (Sewer)
2 creatures vanquished.

Vanquished Creatures (others)
  354 foxfires
354 creatures vanquished.

Grand Total: 499 creatures vanquished

Notes
Turn   | Place    | Note
-------+----------+-------------------------------------------
     0 | D:1      | kae the Tengu Fire Elementalist began the quest for the
                  | Orb.
     0 | D:1      | Reached XP level 1. HP: 10/10 MP: 4/4
   217 | D:1      | Reached XP level 2. HP: 16/16 MP: 4/6
  1419 | D:2      | Found a faded altar of an unknown god.
  1516 | D:2      | Reached XP level 3. HP: 14/20 MP: 7/7
  1773 | D:2      | Learned a level 2 spell: Scorch
  1777 | D:2      | Learned a level 3 spell: Conjure Flame
  1954 | D:2      | Reached skill level 1 in Fighting
  2003 | D:2      | Reached skill level 1 in Armour
  2219 | D:2      | Found a shimmering altar of Xom.
  2415 | D:2      | Identified the +0 leather armour of Evolution {+Blink rElec
                  | rC+ SInv}
  2566 | D:3      | Found a shimmering altar of Xom.
  2575 | D:3      | Found Tetuosto's Weapon Shop.
  2681 | D:3      | Reached XP level 4. HP: 25/25 MP: 4/8
  2817 | D:3      | Reached skill level 4 in Fire Magic
  3321 | D:4      | Reached skill level 1 in Evocations
  3325 | D:4      | Gained mutation: Your magical nature lets you fly swiftly
                  | and evasively. [Tengu growth]
  3325 | D:4      | Reached XP level 5. HP: 20/29 MP: 1/9
  3775 | D:4      | Found a glowing drain.
  3779 | Sewer    | Entered a sewer
  3885 | Sewer    | Noticed a kobold brigand
  3885 | Sewer    | Noticed a kobold brigand
  3895 | Sewer    | Killed a kobold brigand
  3896 | Sewer    | Reached skill level 1 in Staves
  3896 | Sewer    | Reached XP level 6. HP: 18/35 MP: 5/11
  4515 | D:4      | Reached skill level 5 in Fire Magic
  4515 | D:4      | Reached XP level 7. HP: 40/40 MP: 7/12
  4575 | D:4      | Found a radiant altar of Vehumet.
  4584 | D:4      | Became a worshipper of Vehumet
  4654 | D:4      | Found Plog's Antique Weapon Emporium.
  5159 | D:5      | Entered Level 5 of the Dungeon
  5306 | D:5      | Found a staircase to the Ecumenical Temple.
  5465 | D:5      | Found a burning altar of Makhleb.
  5486 | Temple   | Entered the Ecumenical Temple
  6048 | D:5      | Reached XP level 8. HP: 45/45 MP: 6/13
  6675 | D:6      | Reached skill level 6 in Fire Magic
  6965 | D:6      | Found a basalt altar of Yredelemnul.
  6966 | D:6      | Found a broken altar of Ashenzari.
  7136 | D:6      | Reached * piety under Vehumet
  7136 | D:6      | Offered knowledge of Magic Dart by Vehumet.
  7394 | D:6      | Found a sacrificial altar of Ru.
  7693 | D:7      | Noticed a hornet
  7892 | D:7      | Noticed Maggie
  7971 | D:7      | Found a runed translucent door.
  7972 | D:7      | Noticed Crazy Yiuf
  7995 | D:7      | Reached XP level 9. HP: 51/51 MP: 9/15
  8109 | D:7      | Reached skill level 5 in Conjurations
  8372 | D:7      | Killed a hornet
  8373 | D:7      | Reached skill level 7 in Fire Magic
  8719 | D:7      | Found a hide-covered altar of Uskayaw.
  9291 | D:7      | Killed Crazy Yiuf
  9589 | D:8      | Reached skill level 5 in Dodging
  9784 | D:8      | Mangled by a wight

Illustrated notes

Levels and vault maps discovered:
D:1:      dpeg_arrival_arbitrary_c, layout_basic, hex_medium,
          minmay_tromino_v4_b
D:2:      layout_rooms, hellmonk_ecumenical_altar_leap_of_faith, basic_altar,
          skrybe_limestone_x, st_stairs_8, grunt_ministairs_5
D:3:      layout_loops_ring, xom_teletrap_fun, serial_shops, shop,
          nicolae_figureground_pulse
D:4:      layout_loops_ring, nicolae_vehumet_altar_sigil,
          gup_sewer_entry_spiral, minmay_shop_grid_forest
D:5:      nicolae_cairo_tiling_very_big, layout_basic, lemuel_crystal_altar,
          minmay_temple_entry_waves
D:6:      layout_loops_ring, gammafunk_temple_overflow_pools,
          overflow_temple_1_default
D:7:      layout_basic, nicolae_uskayaw_murder_on_the_dancefloor, uniq_maggie,
          uniq_crazy_yiuf_cottage
D:8:      layout_loops_ring, lair_entry_dummy, hangedman_incinerator
Temple:   minmay_temple_bridge_abc

Skill      XL: |  1  2  3  4  5  6  7  8  9 |
---------------+----------------------------+-----
Conjurations   | 2 3 4 5 |  5.5
Fighting       | 1 2 3 4 |  4.1
Armour         | 1 2 3 4 |  4.4
Fire Magic     | 4 5 6 7 |  7.5
Evocations     | 1 2 3 4 |  4.0
Staves         | 1 2 3 4 |  4.0
Dodging        | 3 4 5 |  5.1
Spellcasting   | 3 4 |  4.3
Stealth        | |  2.0

Action                   |  1- 3 |  4- 6 |  7- 9 || total
-------------------------+-------+-------+-------++-------
Melee: Unarmed           |    14 |       |       ||    14
       Kick              |     5 |     7 |     9 ||    21
       Falchion          |     5 |       |       ||     5
       Peck              |     3 |     4 |     6 ||    13
       Staff             |    14 |    24 |    24 ||    62
       Punch             |     1 |     1 |     1 ||     3
 Cast: Foxfire           |    74 |    61 |    82 ||   217
       Scorch            |       |     4 |    65 ||    69
       Conjure Flame     |       |       |     7 ||     7
  Use: Scroll            |       |    16 |     2 ||    18
       Potion            |       |     2 |       ||     2
 Stab: Sleeping          |     1 |     2 |     2 ||     5
Armor: Robe              |    10 |       |       ||    10
       Leather armour    |     6 |     7 |    19 ||    32
Dodge: Dodged            |    34 |    30 |    75 ||   139

Table legend: (Time is in decaauts)
 A = Elapsed time spent in this place.
 B = Non-inter-level travel time spent in this place.
 C = Inter-level travel time spent in this place.
 D = Time resting spent in this place.
 E = Time spent auto-exploring this place.
 F = Levels seen in this place.
 G = Mean time per level.
                   A        B        C        D        E       F      G
               +--------+--------+--------+--------+--------+-----+--------+
         Total |   9440 |   9026 |    414 |    565 |   7264 |  10 |  944.0 |
       Dungeon |   8782 |   8389 |    393 |    507 |   6818 |   8 | 1097.8 |
        Temple |    118 |     97 |     21 |      0 |     89 |   1 |  118.0 |
         Sewer |    539 |    539 |      0 |     58 |    357 |   1 |  539.0 |
               +--------+--------+--------+--------+--------+-----+--------+

Top non-repeatable levels by time:
     D:7: 1622 daAuts
     D:5: 1313 daAuts
     D:1: 1311 daAuts
     D:4: 1255 daAuts
     D:2: 1141 daAuts
     D:6: 1098 daAuts
     D:3: 829 daAuts
   Sewer: 539 daAuts
     D:8: 210 daAuts
  Temple: 118 daAuts
